 Dungeon Crawl Stone Soup version 0.31-a0-446-g07c4bd200f (console) character file.

Game seed: 7939127522458822183

5 Ignak the Ogre Mage (level 1, -1/16 HPs)
             Began as an Ogre Hedge Wizard on Aug 3, 2023.
             Slain by an endoplasm (2 damage)
             ... on level 1 of the Dungeon.
             The game lasted 00:02:09 (137 turns).

Ignak the Ogre Mage (Ogre Hedge Wizard)              Turns: 137, Time: 00:02:10

Health: -1/16      AC:  3    Str: 13    XL:     1   Next: 80%
Magic:  5/5        EV:  7    Int: 15    God:
Gold:   10         SH:  6    Dex:  8    Spells: 6/7 levels left

rFire   . . .        f - +0 club
rCold   . . .        j - +0 kite shield
rNeg    . . .        b - +0 robe
rPois   .            c - +0 hat
rElec   .            (no cloak)
rCorr   .            (gloves unavailable)
SInv    .            (boots unavailable)
Will    .....        (no amulet)
Stlth   +            (no ring)
HPRegen 0.22/turn    (no ring)
MPRegen 0.09/turn

%: no passive effects
@: brilliant, attractive
A: large, unfitting armour, tough skin 1
a: no special abilities


You were on level 1 of the Dungeon.
You visited 1 branch of the dungeon, and saw 1 of its levels.

You collected 10 gold pieces.

Inventory:

Hand Weapons
 f - a +0 club (weapon)
Missiles
 h - 4 poisoned darts (quivered)
Armour
 b - a +0 robe (worn)
 c - a +0 hat (worn)
 j - a +0 kite shield (worn)
Scrolls
 a - a scroll of amnesia {unknown}
 e - 4 scrolls of identify {unknown}
Potions
 d - a potion of magic


   Skills:
 + Level 0.2 Fighting
 + Level 0.1 Axes
 + Level 1.8 Dodging
 - Level 1.4 Stealth
 * Level 0.3 Shields
 + Level 0.1 Unarmed Combat
 + Level 3.6 Spellcasting
 + Level 1.0 Conjurations
 - Level 1.0 Summonings
 + Level 1.0 Translocations


You had 6 spell levels left.
You knew the following spells:

 Your Spells              Type           Power      Damage    Failure   Level
a - Magic Dart            Conj           32%        1d4       45%         1

Your spell library contained the following spells:

 Spells                   Type           Power      Damage    Failure   Level
 Blink                    Tloc           16%        N/A       58%         2
 Necrotise                Necr           16%        1d4       61%         1
 Slow                     Hex            16%        N/A       61%         1
 Call Imp                 Summ           16%        N/A       61%         2
 Cigotuvi's Dreadful Rot  Necr/Pois/Air  8%         N/A       75%         2
 Mephitic Cloud           Conj/Pois/Air  5%         N/A       90%         3
 Vampiric Draining        Necr           4%         2d6       93%         3
 Agony                    Necr           4%         N/A       100%        5
 Iskenderun's Battlesphe  Conj           8%         2d6       100%        5
 Leda's Unmaking          Conj/Erth      3%         9d1       100%        6
 Spellforged Servitor     Conj/Summ      4%         N/A       100%        7


Dungeon Overview and Level Annotations

Branches:
Dungeon (1/15)

Altars:


Innate Abilities, Weirdness & Mutations

You are too large for most types of armour.
You have tough skin. (AC +1)


Message History

Casting: Magic Dart (safe; 45% risk of failure)
Confirm with . or Enter, or press ? or * to list all spells.
Okay, then.
Unknown command.
You hit the jackal.
You kill the jackal!
The endoplasm hits you but does no damage.
Training target 1.0 for Summonings reached!
Your Conjurations skill increases to level 1!
Your Summonings skill increases to level 1!
You hit the endoplasm.
The endoplasm is moderately wounded.
The endoplasm freezes you.
You are frozen.
* * * LOW HITPOINT WARNING * * *
You hit the endoplasm.
The endoplasm is severely wounded.
You block the endoplasm's attack. The endoplasm freezes you.
You are frozen.
* * * LOW HITPOINT WARNING * * *
It was a potion of attraction.
You feel attractive to monsters. The endoplasm hits you.
* * * LOW HITPOINT WARNING * * *
It was a potion of brilliance.
You feel clever all of a sudden. You block the endoplasm's attack.
Casting: Magic Dart (safe; 45% risk of failure)
Confirm with . or Enter, or press ? or * to list all spells.
Okay, then.
You hit the endoplasm but do no damage.
The endoplasm is severely wounded.
You block the endoplasm's attack.
You hit the endoplasm.
The endoplasm is almost dead.
The endoplasm hits you.
* * * LOW HITPOINT WARNING * * *
The endoplasm hits you.
You die...

# .#. .... ..... #
####......
####......... #####
##.@Jh##.##.#.##....
#..#### .. #.#...
#.## ###.#..#.. #.#
.>#...#. #.#
##.##....# #.#
##..##..... #.#
##..###....# #.#
#.....#...#. #.#
###.....#..#..


You could see an endoplasm and a jackal.

Vanquished Creatures
  An endoplasm (D:1)
  3 jackals (D:1)
4 creatures vanquished.

Notes
Turn   | Place    | Note
-------+----------+-------------------------------------------
     0 | D:1      | Ignak the Ogre Hedge Wizard began the quest for the Orb.
     0 | D:1      | Reached XP level 1. HP: 16/16 MP: 5/5
   125 | D:1      | Reached skill level 1 in Translocations
   132 | D:1      | Reached skill level 1 in Conjurations
   132 | D:1      | Reached skill level 1 in Summonings
   137 | D:1      | Slain by an endoplasm

Illustrated notes

Levels and vault maps discovered:
D:1:      matt_arrival_diagonals, layout_basic, serial_shops,
          nicolae_shop_waterfront, shapermc_ecumenical_altar_pompeii

Skill      XL: |  1 |
---------------+----+-----
Translocations | 1 |  1.0
Conjurations   | 1 |  1.0
Summonings     | 1 |  1.0
Fighting       | |  0.2
Axes           | |  0.1
Dodging        | |  1.8
Stealth        | |  1.4
Shields        | |  0.3
Unarmed Combat | |  0.1
Spellcasting   | |  3.6

Action                     || total
---------------------------++-------
  Melee: Club              ||    20
   Cast: Magic Dart        ||     2
    Use: Potion            ||     2
 Armour: Robe              ||    14
  Dodge: Dodged            ||    13
  Block: Kite shield       ||     5

Table legend: (Time is in decaauts)
 A = Elapsed time spent in this place.
 B = Non-inter-level travel time spent in this place.
 C = Inter-level travel time spent in this place.
 D = Time resting spent in this place.
 E = Time spent auto-exploring this place.
 F = Levels seen in this place.
 G = Mean time per level.
                   A        B        C        D        E       F      G
               +--------+--------+--------+--------+--------+-----+--------+
         Total |    144 |    144 |      0 |      0 |     30 |   1 |  144.0 |
       Dungeon |    144 |    144 |      0 |      0 |     30 |   1 |  144.0 |
               +--------+--------+--------+--------+--------+-----+--------+

Top non-repeatable levels by time:
     D:1: 144 daAuts
